 Dungeon Crawl Stone Soup version 0.27-a0-1217-g8a41f320e8 (webtiles) character file.

Game seed: 7476932879832142442

1736 wakim the Protected (level 8, -1/71 HPs)
             Began as a Minotaur Fighter on June 5, 2021.
             Slain by a gnoll sergeant
             ... wielding a +2 spear of flaming
              (5 damage)
             ... on level 7 of the Dungeon.
             The game lasted 00:19:00 (5710 turns).

wakim the Protected (Minotaur Fighter)              Turns: 5710, Time: 00:19:01

Health: -1/71      AC: 13    Str: 21    XL:     8   Next: 76%
Magic:  7/7        EV:  8    Int:  6    God:
Gold:   327        SH:  0    Dex: 11    Spells: 7/7 levels left

rFire    . . .     SeeInvis +   a - +9 lajatang of the Establishment {freeze, SInv}
rCold    . . .     Faith    .   (shield currently unavailable)
rNeg     + . .     Spirit   .   n - +0 chain mail
rPois    .         Reflect  .   (helmet restricted)
rElec    .         Harm     .   (no cloak)
rCorr    .         Rampage  .   e - +1 pair of gloves
Will     .....                  (no boots)
Stlth    ..........             (no amulet)
HPRegen  0.21/turn              h - ring of positive energy
MPRegen  0.10/turn              g - ring of flight

@: about to teleport, flying
A: horns 2, retaliatory headbutt
a: no special abilities


You were on level 7 of the Dungeon.
You visited 1 branch of the dungeon, and saw 7 of its levels.

You collected 327 gold pieces.

Inventory:

Hand Weapons
 a - the +9 lajatang of the Establishment (weapon) {freeze, SInv}
   (You acquired it on level 4 of the Dungeon)

   It has been specially enchanted to freeze those struck by it, causing extra
   injury to most foes and up to half again as much damage against particularly
   susceptible opponents.
   It can also slow down cold-blooded creatures.
   It lets you see invisible.
 b - the +8 whip "Jynu" {vorpal, rElec rPois rC+ rCorr}
   (You found it on level 5 of the Dungeon)

   It inflicts extra damage upon your enemies.
   It protects you from cold.
   It insulates you from electricity.
   It protects you from poison.
   It protects you from acid and corrosion.
Missiles
 i - 20 boomerangs (quivered)
 o - a throwing net {=f!f}
Armour
 c - a +0 kite shield
 e - a +1 pair of gloves (worn)
 n - a +0 chain mail (worn)
Jewellery
 g - a ring of flight (right hand)
 h - a ring of positive energy (left hand)
Wands
 u - a wand of mindburst (13)
 y - a wand of paralysis (6)
 z - a wand of polymorph (13)
Scrolls
 k - a scroll of enchant armour
 r - 3 scrolls of identify
 R - a scroll of magic mapping {!r}
 T - 4 scrolls of teleportation
 Y - a scroll of blinking {!r}
Potions
 d - a potion of berserk rage {unknown}
 f - 2 potions of flight {unknown}
 l - a potion of lignification {unknown}
 m - 2 potions of resistance {unknown}
 B - 2 potions of attraction {!q}
 D - 7 potions of brilliance
 F - 2 potions of curing
 N - 3 potions of might


   Skills:
 + Level 6.5 Fighting
 - Level 4.9(6.4) Maces & Flails
 * Level 6.3(7.1) Staves
 + Level 3.3 Throwing
 * Level 8.8 Armour
 - Level 4.7 Shields


You had 7 spell levels left.
You didn't know any spells.
Your spell library contained the following spells:

 Spells                   Type           Power      Damage    Failure   Level
 Animate Skeleton         Necr           0%         N/A       98%         1
 Apportation              Tloc           0%         N/A       98%         1
 Corona                   Hex            0%         N/A       98%         1
 Pain                     Necr           0%         1d4       98%         1
 Summon Small Mammal      Summ           0%         N/A       98%         1
 Vampiric Draining        Necr           0%         2d6       100%        3
 Animate Dead             Necr           0%         N/A       100%        4
 Agony                    Necr           0%         N/A       100%        5


Dungeon Overview and Level Annotations

Branches:
Dungeon (7/15)             Temple (0/1) D:7

Altars:
Elyvilon
Zin

Shops:
D:6 ?

Annotations:
D:4 1 runed translucent door, HoaS's ghost, amateur DgGl


Innate Abilities, Weirdness & Mutations

You have a pair of horns on your head.
You reflexively headbutt those who attack you in melee.


Message History

The gnoll sergeant barely misses you. The steam dragon barely misses you.
The steam dragon closely misses you.
You slice the steam dragon!! You freeze the steam dragon!
You kill the steam dragon!
You are engulfed in a cloud of scalding steam.
* * * LOW HITPOINT WARNING * * *
Your surroundings suddenly seem different.
You start resting.
A gnoll sergeant is nearby!
The gnoll sergeant shouts!
A scorpion comes into view.
The gnoll sergeant hits you from afar with a +2 spear of flaming.
* * * LOW HITPOINT WARNING * * *
The gnoll sergeant burns you.
* * * LOW HITPOINT WARNING * * *
The scorpion stings you but does no damage.
The scorpion stings you.
* * * LOW HITPOINT WARNING * * *
There is a dry fountain here.
The scorpion stings you.
* * * LOW HITPOINT WARNING * * *
You feel better.
The gnoll sergeant hits you from afar with a +2 spear of flaming!
* * * LOW HITPOINT WARNING * * *
The gnoll sergeant burns you.
* * * LOW HITPOINT WARNING * * *
The scorpion closely misses you.
As you read the scroll of teleportation, it crumbles to dust.
You feel strangely unstable.
The scorpion stings you but does no damage.
The gnoll sergeant barely misses you.
You feel better.
The scorpion stings you but does no damage.
The gnoll sergeant completely misses you.
You closely miss the scorpion.
The scorpion stings you but does no damage.
The gnoll sergeant hits you from afar with a +2 spear of flaming!
* * * LOW HITPOINT WARNING * * *
The gnoll sergeant burns you.
You die...

## # .# >###. .# .#
..#### ### .# #.##
#...# #@# .###...#
#.⌠.# #s#
.##.#.####...###g###...
................g....#
..#.#.#.⌠..>.g⌠..#####
..##.............#
..##..####...###.###
.###.## #.⌠.# #...#
#....## #...# ###.#


You could see a gnoll sergeant, a scorpion and a gnoll.

Vanquished Creatures
  A steam dragon (D:7)
  3 ice beasts
  A black bear (D:5)
  2 orc warriors
  3 ogres
  A phantom (D:5)
  3 scorpions
  A jelly (D:4)
  A bullfrog zombie (D:5)
  A centaur skeleton (D:7)
  2 orc priests (D:7)
  An iguana (D:4)
  Ijyb (D:3)
  4 orc wizards
  A scorpion zombie (D:5)
  A howler monkey zombie (D:6)
  12 adders
  A gnoll (D:7)
  A white imp (D:7)
  An ufetubus (D:4)
  An adder skeleton (D:4)
  17 orcs
  8 endoplasms
  6 goblins
  6 hobgoblins
  6 jackals
  6 quokkas
  10 ball pythons
  4 bats
  2 frilled lizards (D:1)
  6 kobolds
  4 rats
118 creatures vanquished.

Vanquished Creatures (others)
  6 fungi (D:2)
  10 plants (D:2)
16 creatures vanquished.

Grand Total: 134 creatures vanquished

Notes
Turn   | Place    | Note
-------+----------+-------------------------------------------
     0 | D:1      | wakim the Minotaur Fighter began the quest for the Orb.
     0 | D:1      | Reached XP level 1. HP: 19/19 MP: 0/0
   160 | D:1      | Reached XP level 2. HP: 23/27 MP: 1/1
   394 | D:1      | Reached skill level 4 in Armour
  1077 | D:2      | Reached XP level 3. HP: 31/33 MP: 2/2
  1628 | D:2      | Reached XP level 4. HP: 40/40 MP: 3/3
  1703 | D:2      | Found a faded altar of an unknown god.
  2070 | D:3      | Found a white marble altar of Elyvilon.
  2286 | D:3      | Found a glowing silver altar of Zin.
  2313 | D:3      | Reached skill level 5 in Armour
  2317 | D:3      | Noticed Ijyb
  2318 | D:3      | Reached XP level 5. HP: 45/46 MP: 4/4
  2325 | D:3      | Killed Ijyb
  2886 | D:4      | Found a runed translucent door.
  2889 | D:4      | Noticed HoaS's ghost (amateur DgGl)
  3011 | D:4      | Reached XP level 6. HP: 48/53 MP: 5/5
  3064 | D:4      | Identified a scroll of acquirement
  3064 | D:4      | Acquired the +9 lajatang of the Establishment {freeze,
                  | SInv}
  3107 | D:4      | Reached skill level 1 in Staves
  3279 | D:4      | Reached skill level 6 in Armour
  3348 | D:4      | Reached skill level 5 in Fighting
  3483 | D:5      | Entered Level 5 of the Dungeon
  3492 | D:5      | Reached skill level 1 in Throwing
  3492 | D:5      | Reached XP level 7. HP: 61/61 MP: 6/6
  3726 | D:5      | Reached skill level 7 in Armour
  3783 | D:5      | Identified the +8 whip "Jynu" {vorpal, rElec rPois rC+
                  | rCorr}
  3894 | D:5      | Reached XP level 8. HP: 61/70 MP: 7/7
  4762 | D:6      | Reached skill level 5 in Staves
  4881 | D:6      | Found Umogaafu's Magic Scroll Shoppe.
  5093 | D:6      | Reached skill level 8 in Armour
  5571 | D:7      | Found a staircase to the Ecumenical Temple.
  5707 | D:7      | HP: 3/71 [gnoll sergeant/+2 spear of flaming (4)]
  5710 | D:7      | Slain by a gnoll sergeant

Illustrated notes

Levels and vault maps discovered:
D:1:      scummos_arrival_checkerplants, layout_loops_ring
D:2:      layout_rooms, shapermc_ecumenical_altar_mp_urbaneastern,
          corexii_item_surrounded_by_moat, minmay_fountain_box
D:3:      layout_rooms, lemuel_tele_altar, amcnicky_altar_gilded,
          eino_tiny_chamber, uniq_ijyb
D:4:      layout_loops_cross, ebering_ghost_sewer_d
D:5:      layout_basic, minmay_misc_feat_hallway
D:6:      layout_gridville, serial_shops, kennysheep_mini_moat,
          nicolae_benzene_ring
D:7:      layout_loops_ring, kennysheep_orc_sif_temple, lemuel_doored_altar,
          minmay_temple_entry_junction

Skill      XL: |  1  2  3  4  5  6  7  8 |
---------------+-------------------------+-----
Maces & Flails | 3 4 |  4.9
Armour         | 4 5 6 7 8 |  8.8
Shields        | 4 |  4.7
Fighting       | 4 5 6 |  6.5
Staves         | 2 4 6 |  6.3
Throwing       | 1 2 3 |  3.3

Action                   |  1- 3 |  4- 6 |  7- 9 || total
-------------------------+-------+-------+-------++-------
Melee: Flail             |    82 |   100 |       ||   182
       Headbutt          |    13 |    21 |    12 ||    46
       Dagger            |     6 |     5 |       ||    11
       Lajatang          |       |    17 |    46 ||    63
       Whip              |       |       |    35 ||    35
Throw: Boomerang         |       |     4 |     4 ||     8
Evoke: Wand              |       |     3 |     3 ||     6
  Use: Scroll            |       |     6 |     5 ||    11
       Potion            |       |       |     3 ||     3
 Stab: Paralysed         |       |     3 |       ||     3
Armor: Scale mail        |    46 |       |       ||    46
       Chain mail        |       |    53 |    52 ||   105
Dodge: Dodged            |    31 |    26 |    40 ||    97
Block: Kite shield       |    45 |    31 |       ||    76

Table legend: (Time is in decaauts)
 A = Elapsed time spent in this place.
 B = Non-inter-level travel time spent in this place.
 C = Inter-level travel time spent in this place.
 D = Time resting spent in this place.
 E = Time spent auto-exploring this place.
 F = Levels seen in this place.
 G = Mean time per level.
                   A        B        C        D        E       F      G
               +--------+--------+--------+--------+--------+-----+--------+
         Total |   5792 |   5345 |    447 |    247 |   4058 |   7 |  827.4 |
       Dungeon |   5792 |   5345 |    447 |    247 |   4058 |   7 |  827.4 |
               +--------+--------+--------+--------+--------+-----+--------+

Top non-repeatable levels by time:
     D:6: 1031 daAuts
     D:1: 1025 daAuts
     D:4: 970 daAuts
     D:3: 870 daAuts
     D:2: 865 daAuts
     D:5: 724 daAuts
     D:7: 304 daAuts
